[Event "Titled Tuesday Blitz January 25 2022"]
[White "Gajwa Ankit"]
[Black "Weetik, Vjacheslav"]
[WhiteFideId "5077834"]
[BlackFideId "4153472"]
[WhiteElo "2098"]
[BlackElo "2469"]
[Result "0-1"]
[Round "03"]
[TimeControl "180+1"]
[Date "2022.01.26"]
[WhiteClock "0:00:12"]
[BlackClock "0:00:05"]

1. e4 c6 2. d4 d5 3. Nd2 dxe4 4. Nxe4 Nf6 5. Nxf6+ exf6 6. c3 Bd6 7. Bd3 O-O 8. Qc2 Re8+ 9. Ne2 h5 10. O-O h4 11. Bf4 h3 12. g3 Bf8 13. c4 b5 14. b3 Na6 15. a3 bxc4 16. bxc4 Nc7 17. Rad1 Bxa3 18. Qa4 Bd6 19. Qxc6 Bxf4 20. Nxf4 Bg4 21. f3 Bd7 22. Qc5 Ne6 23. Nxe6 Bxe6 24. d5 Bd7 25. d6 Re5 26. Qd4 Bc6 27. Bc2 Qa5 28. Ra1 Qd8 29. Be4 Bxe4 30. fxe4 Qd7 31. c5 Rae8 32. Rf4 Qc6 33. d7 Rd8 34. Rxa7 Rxc5 35. Rf1 Rc2 36. Rf2 Rc1+ 37. Rf1 Rc2 38. Rf2 Rc1+ 39. Rf1 Qc2 40. Qf2 Rxf1+ 41. Kxf1 Qd1+ 42. Qe1 Rxd7 43. Qxd1 Rxd1+ 44. Kf2 Rh1 45. g4 Rxh2+ 46. Kg3 Re2 47. Kxh3 Rxe4 48. Kh4 f5 49. Ra8+ Kh7 50. Kg5 fxg4 51. Kh4 Kg6 52. Ra7 f6 53. Ra5 Re5 54. Kg3 Rxa5 0-1


[Site "https://www.chess.com"]

[Event "Titled Tuesday Blitz January 25 2022"]
[White "Garcia Martin, Marta"]
[Black "Kucuksari, Kaan"]
[WhiteFideId "32084030"]
[BlackFideId "6380166"]
[WhiteElo "2102"]
[BlackElo "2305"]
[Result "0-1"]
[Round "03"]
[TimeControl "180+1"]
[Date "2022.01.26"]
[WhiteClock "0:00:04"]
[BlackClock "0:00:25"]

1. Nf3 Nf6 2. d4 b6 3. e3 Bb7 4. Bd3 g6 5. O-O Bg7 6. Re1 d5 7. c4 e6 8. Nc3 O-O 9. cxd5 exd5 10. Ne5 Nbd7 11. f4 Ne4 12. Nxe4 dxe4 13. Bc4 Nxe5 14. fxe5 Bd5 15. Qb3 c6 16. Bd2 b5 17. Bxd5 cxd5 18. Rac1 Qd7 19. Rc5 Rfd8 20. Ba5 Bf8 21. Rxb5 Rdc8 22. Qxd5 Qe8 23. Rb7 Rab8 24. Rxb8 Rxb8 25. Bc3 Bb4 26. Qxe4 Bxc3 27. bxc3 Rb2 28. Rf1 Rxa2 29. Qb7 Qe6 30. d5 Qe8 31. d6 Rd2 32. Qe7 Qf8 33. e6 f5 34. Qc7 Qa8 35. e4 Qxe4 36. Qd8+ Kg7 37. Qe7+ Kh6 38. Qf8+ Kh5 39. Rf2 Rd1+ 40. Rf1 Qe3+ 0-1


[Site "https://www.chess.com"]

[Event "Titled Tuesday Blitz January 25 2022"]
[White "Gnechko, Ruslan"]
[Black "Nazari, Arad"]
[WhiteFideId "14135868"]
[BlackFideId "12577324"]
[WhiteElo "2289"]
[BlackElo "2120"]
[Result "1-0"]
[Round "03"]
[TimeControl "180+1"]
[Date "2022.01.26"]
[WhiteClock "0:00:03"]
[BlackClock "0:00:09"]

1. e4 c5 2. Nf3 d6 3. d4 cxd4 4. Nxd4 Nf6 5. Nc3 a6 6. Nb3 e5 7. Bg5 Be6 8. Nd5 Bxd5 9. Bxf6 Qxf6 10. Qxd5 Nc6 11. Bc4 Be7 12. O-O O-O 13. c3 Rac8 14. Rad1 Rfd8 15. Rd3 b5 16. Rf3 Qxf3 17. gxf3 bxc4 18. Nd2 Bg5 19. Nxc4 Ne7 20. Qd3 Ng6 21. Rd1 Nf4 22. Qf1 Be7 23. Nb6 Rc6 24. Nd5 Nxd5 25. Rxd5 Rb6 26. b4 Rc8 27. Rd3 Rbc6 28. Qe1 Bg5 29. a4 h5 30. b5 axb5 31. axb5 Rc5 32. b6 R5c6 33. Qb1 Rb8 34. b7 Rc7 35. Rxd6 Rcxb7 36. Qd3 g6 37. Qd5 Rb5 38. Rxg6+ Kf8 39. Qd6+ Be7 40. Rg8+ Kxg8 41. Qxe7 h4 42. Qxh4 Kf8 43. Qf6 Re8 44. h4 Rb7 45. h5 Re6 46. Qh8+ Ke7 47. h6 Rb1+ 48. Kh2 Rbb6 49. h7 Rh6+ 50. Kg2 Rbg6+ 51. Kf1 Rh1+ 52. Ke2 Rgh6 53. Qxe5+ Kd7 54. Qf5+ Ke7 55. Qe5+ Kd7 56. Qb5+ Ke7 57. h8=Q Rxh8 58. e5 R8h6 59. f4 Kf8 60. Qb8+ Kg7 61. c4 R6h2 62. Qd8 Rh6 63. Qg5+ Rg6 64. Qf5 Rh4 65. c5 Rh1 66. Qd7 Rc1 67. Qd4 Kg8 68. f5 Rc6 69. f6 R6xc5 70. Qg4+ Kf8 71. Qg7+ Ke8 72. Qg8+ Kd7 73. Qxf7+ Kc6 74. Qe6+ Kb5 75. f7 Rc8 76. Qd5+ R1c5 77. Qd7+ Kb6 78. e6 Re5+ 79. Kf1 Rc1+ 80. Kg2 Rg5+ 81. Kf3 Rf5+ 82. Ke4 Rcc5 83. Qd6+ Kb5 84. Qxc5+ Rxc5 85. f8=Q Rc4+ 86. Ke5 1-0


[Site "https://www.chess.com"]

[Event "Titled Tuesday Blitz January 25 2022"]
[White "Goltseva, Ekaterina"]
[Black "Abarca Gonzalez, Nicolas"]
[WhiteFideId "24173770"]
[BlackFideId "3409422"]
[WhiteElo "2140"]
[BlackElo "2504"]
[Result "0-1"]
[Round "03"]
[TimeControl "180+1"]
[Date "2022.01.26"]
[WhiteClock "0:00:54"]
[BlackClock "0:01:33"]

1. d4 Nf6 2. c4 e5 3. Nf3 exd4 4. Nxd4 Bb4+ 5. Nc3 O-O 6. Bg5 h6 7. Bh4 d5 8. e3 c5 9. Nc2 Bxc3+ 10. bxc3 g5 11. Bg3 Qa5 12. Be5 Ng4 13. Qxd5 Be6 14. Qxb7 Nxe5 15. Qxa8 Qxc3+ 16. Kd1 Rd8+ 17. Kc1 Nbc6 18. Qb7 Nb4 19. Qe4 Ned3+ 20. Bxd3 Nxd3+ 21. Qxd3 Rxd3 22. Rb1 Rd2 23. Rb2 Bf5 24. e4 Bxe4 25. Rd1 Rxc2+ 26. Rxc2 Qxc2# 0-1


[Site "https://www.chess.com"]

[Event "Titled Tuesday Blitz January 25 2022"]
[White "Golubka, Petro"]
[Black "Sjugirov, Sanan"]
[WhiteFideId "14114224"]
[BlackFideId "4189302"]
[WhiteElo "2392"]
[BlackElo "2602"]
[Result "0-1"]
[Round "03"]
[TimeControl "180+1"]
[Date "2022.01.26"]
[WhiteClock "0:00:08"]
[BlackClock "0:00:12"]

1. e4 c5 2. Nf3 Nc6 3. d4 cxd4 4. Nxd4 Nf6 5. Nc3 e5 6. Ndb5 d6 7. Bg5 a6 8. Na3 b5 9. Nd5 Be7 10. Bxf6 Bxf6 11. c3 Bg5 12. Nc2 Ne7 13. h4 Bh6 14. a4 bxa4 15. Ncb4 O-O 16. Rxa4 a5 17. Nxe7+ Qxe7 18. Nd5 Qb7 19. b3 Bd7 20. Ra3 Kh8 21. Bc4 f5 22. exf5 Bxf5 23. O-O Bd7 24. Qd3 Bc6 25. Rfa1 Qa7 26. Ne3 Qc5 27. b4 axb4 28. Rxa8 Rxa8 29. Rxa8+ Bxa8 30. cxb4 Qxb4 31. Bd5 Bxe3 32. Bxa8 Qe1+ 33. Kh2 Qxf2 34. Qe4 Bf4+ 0-1


[Site "https://www.chess.com"]

[Event "Titled Tuesday Blitz January 25 2022"]
[White "Goryachkina, Aleksandra"]
[Black "Maghsoodloo, Parham"]
[WhiteFideId "4147103"]
[BlackFideId "12539929"]
[WhiteElo "2426"]
[BlackElo "2630"]
[Result "1/2-1/2"]
[Round "03"]
[TimeControl "180+1"]
[Date "2022.01.26"]
[WhiteClock "0:00:07"]
[BlackClock "0:00:53"]

1. Nf3 d6 2. d4 Nf6 3. c4 Nbd7 4. Nc3 e5 5. e4 c6 6. Be2 Be7 7. O-O O-O 8. Be3 Re8 9. d5 a5 10. Nd2 Qc7 11. Rc1 Nc5 12. b3 Nfd7 13. a3 Na6 14. Qc2 h6 15. Rfd1 Bg5 16. Nf1 Nf6 17. Qb2 Bd7 18. Bxg5 hxg5 19. Qd2 Nc5 20. Qc2 a4 21. bxa4 cxd5 22. cxd5 Nxa4 23. Qd2 Qb6 24. Ng3 g4 25. Rb1 Qa5 26. Nxa4 Qxd2 27. Rxd2 Rxa4 28. Rxb7 Rxa3 29. f3 gxf3 30. gxf3 Bh3 31. Kf2 Ra1 32. Rdb2 g6 33. Rb8 Kf8 34. Rxe8+ Kxe8 35. Rb8+ Ke7 36. Rb7+ Bd7 37. h4 Rc1 38. Ra7 Kd8 39. Ra8+ Rc8 40. Rxc8+ Bxc8 41. Ke3 Ke7 42. f4 exf4+ 43. Kxf4 Nh7 44. e5 f6 45. exf6+ Nxf6 46. Bf3 Kf7 47. h5 gxh5 48. Nxh5 Nd7 49. Ng3 Ne5 50. Be4 Kf6 51. Ne2 1/2-1/2


[Site "https://www.chess.com"]

[Event "Titled Tuesday Blitz January 25 2022"]
[White "Hakobyan, Aram"]
[Black "Mirzoev, Azer"]
[WhiteFideId "13306677"]
[BlackFideId "13400304"]
[WhiteElo "2557"]
[BlackElo "2525"]
[Result "0-1"]
[Round "03"]
[TimeControl "180+1"]
[Date "2022.01.26"]
[WhiteClock "0:00:05"]
[BlackClock "0:00:08"]

1. d4 d5 2. Nf3 c6 3. c3 Bf5 4. Qb3 Qb6 5. Bf4 e6 6. e3 Nd7 7. c4 Ngf6 8. Nc3 Nh5 9. Bg3 Nxg3 10. hxg3 Be7 11. Be2 h6 12. O-O O-O 13. Rfc1 a5 14. Qd1 Rfd8 15. Na4 Qa7 16. c5 Rab8 17. Ne5 Nxe5 18. dxe5 f6 19. exf6 Bxf6 20. Bg4 Re8 21. Bxf5 exf5 22. Rab1 Re4 23. Nb6 Rbe8 24. Qh5 R8e5 25. Nd7 Re6 26. Qxf5 b5 27. Nxf6+ Rxf6 28. Qc8+ Kh7 29. Rc2 a4 30. Rd1 Qe7 31. Qb8 Qf7 32. Re2 Qe7 33. Qb6 Rc4 34. Qa5 Qxc5 35. Qd2 Kg8 36. b3 axb3 37. axb3 Rc3 38. Qb2 b4 39. Ra1 Rf8 40. Qb1 Qb5 41. Rd2 Qb7 42. Rda2 Qf7 43. Qb2 Qf6 44. Ra7 c5 45. Rd7 Rf7 46. Ra8+ Kh7 47. Qb1+ Qf5 48. Qxf5+ Rxf5 49. Raa7 Rg5 50. Kh2 Rh5+ 51. Kg1 Rc1# 0-1


[Site "https://www.chess.com"]

[Event "Titled Tuesday Blitz January 25 2022"]
[White "Harshavardhan G B"]
[Black "Odegov, Artem"]
[WhiteFideId "25059009"]
[BlackFideId "34183644"]
[WhiteElo "1831"]
[BlackElo "2277"]
[Result "1/2-1/2"]
[Round "03"]
[TimeControl "180+1"]
[Date "2022.01.26"]
[WhiteClock "0:00:34"]
[BlackClock "0:00:18"]

1. d4 Nf6 2. c4 c5 3. d5 e6 4. Nc3 exd5 5. cxd5 g6 6. e4 d6 7. Nge2 Bg7 8. Ng3 O-O 9. Be2 Re8 10. O-O h5 11. Bg5 Nbd7 12. f4 a6 13. a4 Qb6 14. Qd2 Nh7 15. Bh4 Ndf6 16. Kh1 Bg4 17. Rae1 Qb4 18. Bxf6 Nxf6 19. e5 dxe5 20. f5 Qd4 21. Qc2 Bxe2 22. Ngxe2 Qg4 23. fxg6 Qxg6 24. Qb3 b5 25. axb5 axb5 26. Qxb5 Rab8 27. Qxc5 Rxb2 28. Qe3 e4 29. Qg3 Ng4 30. h3 Be5 31. Qh4 Ne3 32. Rg1 Bxc3 33. Nxc3 Nf5 34. Qf4 Ng3+ 35. Kh2 h4 36. Qxh4 Nf5 37. Qg4 e3 38. Rgf1 Qxg4 39. hxg4 Nd6 40. Rf3 Nc4 41. Rf4 Nd6 42. Nd1 Rb3 43. Rf3 Nc4 44. Kg3 Ra3 45. Re2 Re5 46. Kf4 Rxd5 47. Nxe3 Rd4+ 48. Kg3 Nxe3 49. Rexe3 Rxe3 50. Rxe3 Kg7 51. Rf3 Kg6 52. Rf4 Rd3+ 53. Kh4 Rd2 54. Kh3 Rd3+ 55. g3 Rd1 56. Ra4 Rh1+ 57. Kg2 Rb1 58. Ra5 Rb2+ 59. Kh3 Rb1 60. Rc5 Rh1+ 61. Kg2 Ra1 62. Rc3 Ra2+ 63. Kf3 Ra4 64. Rc6+ f6 65. Re6 Ra3+ 66. Re3 Rxe3+ 67. Kxe3 Kg5 68. Kf3 f5 69. gxf5 Kxf5 70. Kf2 Kg4 71. Kg2 Kg5 72. Kf3 Kf5 73. g4+ Kg5 74. Kg3 Kg6 75. Kf4 Kf6 76. Ke4 Kg5 77. Kf3 Kg6 78. Kg3 Kg5 79. Kh3 Kg6 80. Kh4 Kh6 81. g5+ Kg6 82. Kg4 Kg7 83. Kh4 Kg6 84. Kg4 Kg7 85. Kf5 Kf7 86. Kf4 Kg6 87. Kg4 1/2-1/2


[Site "https://www.chess.com"]

[Event "Titled Tuesday Blitz January 25 2022"]
[White "Havanecz, Bianka"]
[Black "Alavkin, Arseny"]
[WhiteFideId "704814"]
[BlackFideId "4120612"]
[WhiteElo "2347"]
[BlackElo "2391"]
[Result "1-0"]
[Round "03"]
[TimeControl "180+1"]
[Date "2022.01.26"]
[WhiteClock "0:00:36"]
[BlackClock "0:01:03"]

1. d4 Nf6 2. c4 e6 3. Nc3 Bb4 4. Qc2 d5 5. cxd5 exd5 6. Bg5 h6 7. Bh4 O-O 8. e3 c6 9. Bd3 Re8 10. Ne2 Nbd7 11. O-O Nf8 12. a3 Be7 13. b4 Bg4 14. b5 Rc8 15. Qb3 Bxe2 16. Bxe2 c5 17. dxc5 Rxc5 18. Rfd1 g5 19. Bg3 Ne6 20. Bf3 d4 21. Ne2 Qb6 22. Nxd4 Nxd4 23. Rxd4 Rxb5 24. Qd1 Rd8 25. Rxd8+ Qxd8 26. Qxd8+ Bxd8 27. a4 Rb3 28. h3 Ba5 29. Rc1 b6 30. Rc8+ Kg7 31. Be5 b5 32. Rc6 Bd8 33. Rd6 Be7 34. Rd7 Kf8 35. Bxf6 Bxf6 36. Bd5 Rb1+ 37. Kh2 Be5+ 38. g3 b4 39. Rxf7+ Ke8 40. Rxa7 b3 41. Rb7 b2 42. Be4 Ra1 43. Kg2 Kf8 44. Bc2 Rc1 45. Bf5 Rc2 46. Bxc2 1-0


[Site "https://www.chess.com"]

[Event "Titled Tuesday Blitz January 25 2022"]
[White "Heinemann, Josefine"]
[Black "Aditya Mittal"]
[WhiteFideId "12900460"]
[BlackFideId "35042025"]
[WhiteElo "2300"]
[BlackElo "2287"]
[Result "0-1"]
[Round "03"]
[TimeControl "180+1"]
[Date "2022.01.26"]
[WhiteClock "0:00:08"]
[BlackClock "0:00:07"]

1. Nf3 d5 2. g3 g6 3. Bg2 Bg7 4. d4 c6 5. O-O Nf6 6. c4 dxc4 7. a4 Ne4 8. Nc3 Nxc3 9. bxc3 O-O 10. Nd2 e5 11. e3 Be6 12. Qe2 Re8 13. Nxc4 exd4 14. cxd4 Na6 15. Ba3 Bd5 16. Bxd5 Qxd5 17. Qc2 c5 18. Ne5 cxd4 19. exd4 Qxd4 20. Nxf7 Qe4 21. Qb3 Qe6 22. Qxe6 Rxe6 23. Ng5 Re5 24. Nf3 Rf5 25. Nh4 Ra5 26. Rad1 Rxa4 27. Bc1 Rd4 28. Be3 Rxd1 29. Rxd1 Bf6 30. Nf3 b6 31. Rd7 Nc5 32. Bxc5 bxc5 33. Rc7 Bd4 34. Nxd4 cxd4 35. Rd7 a5 36. Rxd4 a4 37. Rd2 a3 38. Ra2 Kf7 39. Kf1 Ke6 40. Ke2 Kd5 41. Kd3 g5 42. f3 Rf8 43. Ke3 Ra8 44. Kd3 h5 45. h3 Rf8 46. Ke3 Re8+ 47. Kd3 Rf8 48. Ke3 Re8+ 49. Kd3 Ra8 50. Kc3 Rf8 51. f4 gxf4 52. gxf4 Rxf4 53. Rd2+ Ke4 54. Kb3 Rf3+ 55. Ka2 Rxh3 56. Rd8 h4 57. Rf8 Rf3 58. Re8+ Kf4 59. Rf8+ Kg3 60. Rg8+ Kf2 61. Rh8 h3 62. Rh7 Kg2 63. Rg7+ Rg3 64. Rh7 h2 0-1


[Site "https://www.chess.com"]

[Event "Titled Tuesday Blitz January 25 2022"]
[White "Hess, Robert"]
[Black "Carlsson, Ludvig"]
[WhiteFideId "2022036"]
[BlackFideId "1727010"]
[WhiteElo "2557"]
[BlackElo "2178"]
[Result "0-1"]
[Round "03"]
[TimeControl "180+1"]
[Date "2022.01.26"]
[WhiteClock "0:00:02"]
[BlackClock "0:00:13"]

1. b3 e5 2. Bb2 Nc6 3. h3 d5 4. e3 Bd6 5. Ne2 Nf6 6. d3 Be6 7. Nd2 Qd7 8. g4 h6 9. Bg2 O-O-O 10. a3 Kb8 11. b4 Rhe8 12. Nb3 b6 13. Qd2 h5 14. g5 Nh7 15. h4 f6 16. gxf6 Nxf6 17. Ng3 Bg4 18. e4 dxe4 19. Nxe4 Nxe4 20. Bxe4 Nd4 21. Bxd4 exd4 22. Qg5 Re5 23. Qg6 Bf5 24. Qg2 Bxe4 25. dxe4 Rxe4+ 26. Qxe4 Re8 27. Qxe8+ Qxe8+ 28. Kd2 Qe4 29. Rhe1 Bf4+ 30. Kd1 Qf3+ 31. Re2 d3 32. cxd3 Qxd3+ 33. Nd2 Qd5 34. Rc1 Qd3 0-1


[Site "https://www.chess.com"]

[Event "Titled Tuesday Blitz January 25 2022"]
[White "Hjartarson, Johann"]
[Black "Jones, Gawain C B"]
[WhiteFideId "2300044"]
[BlackFideId "409561"]
[WhiteElo "2484"]
[BlackElo "2657"]
[Result "0-1"]
[Round "03"]
[TimeControl "180+1"]
[Date "2022.01.26"]
[WhiteClock "0:00:04"]
[BlackClock "0:00:09"]

1. e4 c5 2. Nc3 g6 3. g3 Bg7 4. Bg2 Nc6 5. Nge2 Rb8 6. d3 b5 7. O-O e6 8. Be3 b4 9. Na4 d6 10. a3 a5 11. axb4 axb4 12. d4 cxd4 13. Nxd4 Nge7 14. Qd2 O-O 15. Rfd1 Ne5 16. Qe2 Qc7 17. b3 Bd7 18. f4 N5c6 19. Nb5 Rxb5 20. Qxb5 Bxa1 21. Rxa1 Nd4 22. Qd3 e5 23. Bxd4 exd4 24. Qxd4 Qxc2 25. Qxb4 Qd3 26. Qc3 Qe2 27. Nb2 Rc8 28. Nc4 Qh5 29. Qd4 d5 30. exd5 Nf5 31. Qd2 Qh6 32. d6 Qf8 33. Ra7 Rd8 34. Ne5 Be6 35. d7 Qc5+ 36. Qf2 Qc1+ 37. Bf1 Ne3 38. Nd3 Qxf1+ 39. Qxf1 Nxf1 40. Kxf1 Bxd7 41. Ne5 Be6 42. b4 Rd2 43. h4 Rb2 44. Rb7 h5 45. Ke1 Kg7 46. b5 Kf6 47. b6 Bd5 48. Rb8 Kf5 49. Nd3 Rb5 50. Rd8 Be4 51. Rd6 Bxd3 52. Rxd3 Rxb6 53. Kf2 Kg4 54. Rd2 Rb3 55. Rd7 Rf3+ 56. Ke2 Kxg3 57. Rxf7 Rxf4 58. Rg7 Rg4 59. Rg8 Kxh4 60. Kf3 Kg5 61. Kf2 h4 62. Kf3 Rf4+ 63. Kg2 Ra4 64. Kh3 Ra3+ 65. Kg2 Rg3+ 66. Kh2 Kh5 67. Rg7 g5 68. Rg8 Ra3 69. Rb8 Ra2+ 70. Kh1 Kg4 0-1


[Site "https://www.chess.com"]

[Event "Titled Tuesday Blitz January 25 2022"]
[White "Hoffmann, Asa"]
[Black "Gelman, Alexander"]
[WhiteFideId "2001470"]
[BlackFideId "4118316"]
[WhiteElo "2117"]
[BlackElo "2375"]
[Result "1-0"]
[Round "03"]
[TimeControl "180+1"]
[Date "2022.01.26"]
[WhiteClock "0:01:29"]
[BlackClock "0:00:51"]

1. d4 Nf6 2. Bg5 c5 3. d5 g6 4. Nc3 Bg7 5. e4 d6 6. f3 a6 7. a4 h6 8. Be3 Nbd7 9. Qd2 h5 10. h3 h4 11. f4 Qa5 12. Ra3 Nh5 13. Nf3 Ng3 14. Rg1 Bxc3 15. Qxc3 Qxc3+ 16. Rxc3 Nxe4 17. Rb3 f5 18. Bd3 Ndf6 19. c4 Kd8 20. Ng5 Nxg5 21. fxg5 Nd7 22. Bf4 Kc7 23. Kf2 Ne5 24. Re1 Bd7 25. Rxe5 1-0


[Site "https://www.chess.com"]

[Event "Titled Tuesday Blitz January 25 2022"]
[White "Howell, David W L"]
[Black "Kornyukov, Alexey"]
[WhiteFideId "410608"]
[BlackFideId "4150457"]
[WhiteElo "2559"]
[BlackElo "2303"]
[Result "1-0"]
[Round "03"]
[TimeControl "180+1"]
[Date "2022.01.26"]
[WhiteClock "0:00:15"]
[BlackClock "0:00:01"]

1. a4 d5 2. Nf3 Nf6 3. g3 c5 4. Bg2 Nc6 5. d4 Bf5 6. O-O e6 7. b3 Rc8 8. Na3 cxd4 9. Nxd4 Nxd4 10. Qxd4 Bc5 11. Qd1 O-O 12. c4 Qe7 13. cxd5 Rfd8 14. Nc4 Nxd5 15. Bd2 Nb6 16. Nxb6 axb6 17. Rc1 h6 18. Qe1 Ba3 19. Rxc8 Rxc8 20. Be3 Bc2 21. Bxb6 Bxb3 22. a5 Rc2 23. Qb1 Ba4 24. Bf3 Bb4 25. Rc1 Rxc1+ 26. Qxc1 Qd7 27. Kg2 Bb5 28. h4 g6 29. Qxh6 Bc6 30. Qf4 Bxf3+ 31. Qxf3 Bf8 32. h5 gxh5 33. Qxh5 Bg7 34. Qg4 1-0


[Site "https://www.chess.com"]

[Event "Titled Tuesday Blitz January 25 2022"]
[White "Jaracz, Pawel"]
[Black "Przybylski, Wojciech"]
[WhiteFideId "1102222"]
[BlackFideId "1117599"]
[WhiteElo "2429"]
[BlackElo "2133"]
[Result "1-0"]
[Round "03"]
[TimeControl "180+1"]
[Date "2022.01.26"]
[WhiteClock "0:00:12"]
[BlackClock "0:00:05"]

1. d4 Nf6 2. c4 e6 3. Nf3 d5 4. g3 Bb4+ 5. Bd2 Be7 6. Bg2 O-O 7. Qb3 Nbd7 8. O-O Nb6 9. c5 Nc4 10. Bf4 b6 11. Qc2 bxc5 12. b3 Na5 13. dxc5 Ne4 14. Ne5 f6 15. Nd3 Nc6 16. Be3 e5 17. Rd1 Bf5 18. b4 a5 19. b5 Nd4 20. Bxd4 exd4 21. f3 Nxc5 22. f4 Ne4 23. a4 h5 24. Nf2 Nxg3 25. Qa2 Kh8 26. hxg3 Bc5 27. Nd3 Bb6 28. Qxd5 Qxd5 29. Bxd5 Rae8 30. Bf3 Bg4 31. Kf2 Kg8 32. Nd2 Bxf3 33. Nxf3 Kf7 34. f5 Rh8 35. Rh1 Rd8 36. Rh4 Rd5 37. Rf4 Rh7 38. Rh1 Rh8 39. g4 g5 40. fxg6+ Kxg6 41. gxh5+ Rhxh5 42. Rxh5 Rxh5 43. Rg4+ Kf7 44. Kg2 Rh8 45. Nf4 Re8 46. Kf1 Rd8 47. Rh4 Kg7 48. Ne6+ Kf7 49. Nxd8+ Ke7 50. Rh8 Kd6 51. Rh5 Kd7 52. Nc6 Kd6 53. Ke1 f5 54. Rxf5 Ke6 55. Re5+ Kd6 56. Rh5 Ke6 57. Kd2 Kd6 58. Kd3 Kd7 59. Nfxd4 Kc8 60. Ne6 Kd7 61. Nc5+ Kd6 62. Kc4 Ba7 63. Rd5# 1-0


[Site "https://www.chess.com"]

[Event "Titled Tuesday Blitz January 25 2022"]
[White "Jobava, Baadur"]
[Black "Hamitevici, Vladimir"]
[WhiteFideId "13601520"]
[BlackFideId "13902393"]
[WhiteElo "2617"]
[BlackElo "2359"]
[Result "1-0"]
[Round "03"]
[TimeControl "180+1"]
[Date "2022.01.26"]
[WhiteClock "0:01:02"]
[BlackClock "0:00:03"]

1. e4 c5 2. c3 Nf6 3. e5 Nd5 4. d4 cxd4 5. Nf3 d6 6. exd6 e6 7. Nxd4 Bxd6 8. g3 O-O 9. Bg2 a6 10. O-O Qc7 11. Qe2 Bd7 12. c4 Nf6 13. Bg5 Nc6 14. Bxf6 gxf6 15. Rd1 f5 16. Nc3 Be5 17. Nxf5 exf5 18. Rxd7 Qxd7 19. Bxc6 Qe6 20. Bd5 Qf6 21. Bxb7 Bxc3 22. Bxa8 Bxb2 23. Rb1 Bd4 24. Bd5 Kh8 25. Qf3 f4 26. Qxf4 Qxf4 27. gxf4 Kg7 28. Rb7 Kf6 29. Kg2 Kg6 30. Kf3 f6 31. Rd7 Bc5 32. Rc7 Bd4 33. Be4+ f5 34. Bd5 a5 35. a4 Rb8 36. Rc6+ Kg7 37. Ra6 Rb3+ 38. Ke2 Rb2+ 39. Kd3 Bxf2 40. Rxa5 Bg1 41. c5 Rxh2 42. c6 Rh3+ 43. Kc4 Rh2 44. Kb3 Rh3+ 45. Kb4 1-0


[Site "https://www.chess.com"]

[Event "Titled Tuesday Blitz January 25 2022"]
[White "Karabalis, Harilos"]
[Black "Tristan, Leonardo"]
[WhiteFideId "4621808"]
[BlackFideId "113816"]
[WhiteElo "2168"]
[BlackElo "2404"]
[Result "0-1"]
[Round "03"]
[TimeControl "180+1"]
[Date "2022.01.26"]
[WhiteClock "0:00:03"]
[BlackClock "0:00:07"]

1. e4 d5 2. exd5 Qxd5 3. Nc3 Qa5 4. Bc4 Nf6 5. d3 Bg4 6. Ne2 e6 7. h3 Bxe2 8. Qxe2 Nbd7 9. a3 c6 10. O-O Be7 11. Bf4 O-O 12. b4 Qd8 13. Ne4 Nb6 14. Bb3 a5 15. c3 Nbd5 16. Bd2 Qc7 17. Rfc1 axb4 18. axb4 Rxa1 19. Rxa1 Rd8 20. Qf3 Qe5 21. Re1 Qf5 22. Qxf5 exf5 23. Nxf6+ Bxf6 24. d4 g6 25. Ra1 Kg7 26. Ra7 Rd7 27. Kf1 Bd8 28. Ke2 Bb6 29. Ra8 Nf6 30. f3 Bc7 31. Kd3 Nd5 32. Bxd5 cxd5 33. b5 Bb6 34. Rb8 h6 35. Bf4 f6 36. Bc1 g5 37. Ba3 Kg6 38. Bc5 Bd8 39. b6 Kh5 40. g3 f4 41. gxf4 gxf4 42. Ke2 Kh4 43. Rc8 Kxh3 44. Kf2 Kh4 45. Bf8 h5 46. Bh6 Bxb6 47. Bxf4 Rg7 48. Rb8 Ba5 49. Rxb7 Rxb7 0-1


[Site "https://www.chess.com"]

[Event "Titled Tuesday Blitz January 25 2022"]
[White "Karas, Marek"]
[Black "FGHSMN"]
[WhiteFideId "14928558"]
[WhiteElo "2270"]
[BlackElo "2717"]
[Result "1/2-1/2"]
[Round "03"]
[TimeControl "180+1"]
[Date "2022.01.26"]
[WhiteClock "0:00:03"]
[BlackClock "0:00:04"]

1. d4 d5 2. c4 e6 3. Nc3 c5 4. cxd5 exd5 5. Nf3 Nc6 6. e3 Nf6 7. Bd3 cxd4 8. Nxd4 Nxd4 9. exd4 Be7 10. O-O O-O 11. Bf4 Be6 12. Qb3 Bd6 13. Bxd6 Qxd6 14. Rac1 Ng4 15. g3 Rfc8 16. Rfe1 h5 17. Nb5 Qb6 18. Rcd1 h4 19. Nc3 hxg3 20. hxg3 Qd6 21. Kg2 Qd8 22. Qc2 Qf6 23. Qe2 g6 24. Qf3 Qg5 25. Rh1 Kg7 26. Ne2 Nf6 27. Qf4 Qxf4 28. Nxf4 Bg4 29. Rc1 a5 30. a3 b6 31. Rhe1 Kf8 32. f3 Bd7 33. Kf2 g5 34. Ne2 Ne8 35. Rxc8 Rxc8 36. Nc3 Be6 37. Rc1 Nd6 38. Ne2 Rxc1 39. Nxc1 Bf5 40. Ba6 Bc2 41. Ne2 Bb3 42. Nc3 Nf5 43. Bb7 Ne7 44. Ba6 Ke8 45. Bd3 Kd7 46. Ke3 Ke6 47. g4 Nc6 48. Bb5 Nd8 49. Bd3 Nb7 50. Bf5+ Kf6 51. Bd3 Nd6 52. Ne2 Bc4 53. Nc3 Bxd3 54. Kxd3 Ke6 55. b3 Ne8 56. Ke3 Ng7 57. Nb5 f5 58. Nc7+ Kd6 59. Nb5+ Kc6 60. a4 fxg4 61. fxg4 Ne8 62. Kf3 Nf6 63. Nc3 Kd6 64. Nb5+ Kd7 65. Nc3 Ke6 66. Kg3 Ne4+ 67. Nxe4 dxe4 68. Kf2 Kd6 69. Ke2 Kc6 70. Kd2 Kd6 71. Ke2 Kc6 72. Kd2 Kd6 73. Ke2 1/2-1/2


[Site "https://www.chess.com"]

[Event "Titled Tuesday Blitz January 25 2022"]
[White "Kirillov-Dmitry"]
[Black "Erdogdu, Mert"]
[BlackFideId "6301495"]
[WhiteElo "2478"]
[BlackElo "2485"]
[Result "1-0"]
[Round "03"]
[TimeControl "180+1"]
[Date "2022.01.26"]
[WhiteClock "0:00:03"]
[BlackClock "0:00:01"]

1. d4 d5 2. c4 e6 3. Nf3 c5 4. e3 Nf6 5. Nc3 a6 6. cxd5 exd5 7. b3 Nc6 8. Bb2 cxd4 9. Nxd4 Bb4 10. a3 Bd6 11. Be2 O-O 12. O-O Re8 13. Bf3 Be6 14. Nce2 Ne5 15. Nf4 Nxf3+ 16. Nxf3 Ne4 17. Qd4 Bf8 18. Rfd1 Rc8 19. Rac1 Rxc1 20. Rxc1 Qa5 21. Rd1 Rd8 22. Nxe6 fxe6 23. b4 Qa4 24. Rc1 Qd7 25. Qb6 Rc8 26. Rxc8 Qxc8 27. Nd4 Kf7 28. g3 Nd6 29. Nf3 Be7 30. Qd4 Bf6 31. Ne5+ Kg8 32. Qg4 Nf5 33. e4 dxe4 34. Qxe4 h6 35. Qd3 Qc7 36. Qe4 Qd8 37. Kg2 Qd5 38. Qxd5 exd5 39. Nd3 Bxb2 40. Nxb2 Kf7 41. Kf3 Nd4+ 42. Kf4 Ke6 43. Nd3 Nc2 44. a4 Nd4 45. Nc5+ Kf6 46. Nxb7 Nc6 47. b5 axb5 48. axb5 Na7 49. Nd6 Ke6 50. b6 Nc6 51. Nb5 d4 52. Ke4 Kd7 53. Nxd4 Nb4 54. Nf5 Nc6 55. Nxg7 Kd6 56. Nf5+ 1-0


[Site "https://www.chess.com"]

[Event "Titled Tuesday Blitz January 25 2022"]
[White "Kislinsky, Alexey"]
[Black "Le, Tuan Minh"]
[WhiteFideId "14108801"]
[BlackFideId "12401153"]
[WhiteElo "2335"]
[BlackElo "2450"]
[Result "1/2-1/2"]
[Round "03"]
[TimeControl "180+1"]
[Date "2022.01.26"]
[WhiteClock "0:00:20"]
[BlackClock "0:00:04"]

1. e4 c5 2. c3 Nf6 3. e5 Nd5 4. Bc4 Nb6 5. Bb3 Nc6 6. d4 cxd4 7. cxd4 d5 8. Nc3 Bf5 9. Nge2 e6 10. Nf4 Be7 11. Be3 Rc8 12. Rc1 Na5 13. O-O Nxb3 14. axb3 h6 15. Nh5 O-O 16. f4 f6 17. Qd2 Nd7 18. Ng3 fxe5 19. Nxf5 Rxf5 20. fxe5 Rxf1+ 21. Rxf1 Bf8 22. Qf2 Qe8 23. Qg3 Kh7 24. h3 Qg6 25. Qxg6+ Kxg6 26. Ne2 Rc6 27. Nf4+ Kh7 28. Rc1 Rxc1+ 29. Bxc1 Be7 30. Nxe6 g5 31. g4 Kg6 32. Kg2 Kf7 33. Nc7 Nb6 34. Bd2 Bd8 35. Nb5 Nc8 36. Nc3 Ke6 37. Kf3 Ne7 38. Na4 b6 39. Ke3 Ng6 40. Kf3 Ne7 41. Nc3 Nc6 42. Be3 Be7 43. Ne2 Bb4 44. Ng3 Na5 45. Nf5 Bf8 46. b4 Nc4 47. Bc1 b5 48. b3 Nb6 49. Bd2 Nd7 50. Ke3 Nb8 51. Kd3 Nc6 52. Bc3 a6 53. Bd2 Kf7 54. Ne3 Ke6 55. Nf5 Kf7 56. Bc3 Ke6 57. Bd2 1/2-1/2


[Site "https://www.chess.com"]